Map: Emerald City LE

Players

RobinNightee

  • Race: Protoss Protoss
  • League: Gold
  • Spawn Location: 11:00

Adata

  • Race: Zerg Zerg
  • League: Diamond
  • Spawn Location: 11:00

Massa - Winner!

  • Race: Terran Terran
  • League: Gold
  • Spawn Location: 5:00

qqq - Winner!

  • Race: Protoss Protoss
  • League: Platinum
  • Spawn Location: 5:00

VOD

Have the link to the VOD?

Description

Time

  • Played on: June 7, 2020, 5:06 a.m.
  • Length: 10:05
Show
View Real Time Build Order
Export as new Build Order

RobinNightee Protoss 

Build Orders:  

Get SALT Encoding   

  12  0:01  Probe (Chrono Boost)  
  13  0:10  Probe (Chrono Boost)  
  14  0:15  Probe (Chrono Boost)  
  15  0:32  Pylon  
  15  0:45  Assimilator  
  15  0:50  Probe  
  16  1:09  Gateway  
  16  1:11  Gateway  
  16  1:13  Pylon  
  16  1:22  Probe (Chrono Boost)  
  17  1:26  Pylon  
  17  1:32  Probe (Chrono Boost)  
  17  1:59  Gateway, Cybernetics Core  
  16  2:09  Zealot x2  
  20  2:28  Probe (Chrono Boost)  
  21  2:32  Forge  
  20  2:37  Probe (Chrono Boost)  
  20  2:42  Probe (Chrono Boost)  
  17  2:54  Probe  
  17  2:56  Assimilator  
  18  3:00  Gateway  
  18  3:06  Probe  
  18  3:12  Warp Gate  
  19  3:50  Stalker (Chrono Boost)  
  23  3:57  Stalker (Chrono Boost)  
  23  4:17  Pylon  
  21  4:44  Stalker (Chrono Boost)  
  23  4:53  Stalker (Chrono Boost)  
  23  5:23  Stalker  
  23  5:26  Stalker  
  21  5:46  Probe (Chrono Boost)  
  20  5:55  Probe (Chrono Boost)  
  9  7:18  Nexus  
  9  7:22  Pylon  
  7  7:41  Pylon  
  7  7:59  Assimilator  
  7  8:56  Gateway  
  7  8:57  Gateway  
  7  8:58  Probe (Chrono Boost)  
  8  9:05  Assimilator  
  8  9:08  Probe (Chrono Boost)  
  9  9:13  Probe (Chrono Boost)  
  10  9:29  Probe, Forge  
  11  9:41  Probe (Chrono Boost)  
  12  9:50  Cybernetics Core  
  12  9:53  Probe (Chrono Boost)  
Show
View Real Time Build Order
Export as new Build Order

Adata Zerg 

Build Orders: Hatch First 

Get SALT Encoding   

  12  0:01  Drone  
  13  0:12  Overlord  
  13  0:17  Drone  
  14  0:44  Hatchery  
  14  0:49  Drone  
  14  1:05  Drone  
  14  1:06  Drone x2  
  16  1:35  Spawning Pool  
  16  1:44  Drone x3  
  19  1:47  Extractor  
  18  1:57  Hatchery  
  18  2:00  Drone  
  18  2:36  Queen  
  20  2:57  Roach Warren  
  19  2:59  Drone x3, Extractor  
  21  3:15  Overlord  
  21  3:33  Spine Crawler  
  20  3:34  Spine Crawler  
  19  3:44  Metabolic Boost  
  19  3:48  Roach  
  19  3:49  Roach x2  
  19  3:51  Roach  
  19  3:52  Roach x2  
  31  4:10  Roach  
  33  4:26  Ravager x2  
  33  4:30  Zergling x2  
  36  4:32  Overlord x3  
  36  5:08  Zergling x6  
  31  5:25  Roach  
  31  5:26  Roach x2  
  37  5:59  Roach  
  37  6:00  Roach x6  
  37  6:40  Roach  
  37  6:41  Roach x5  
  49  7:02  Roach x2  
  49  7:03  Baneling Nest  
  48  7:52  Zergling x2  
  48  7:53  Zergling x4  
  47  8:07  Zergling x2  
  8  9:15  Drone x3  
Show
View Real Time Build Order
Export as new Build Order

Massa Terran - Winner!

Build Orders: Command Center First (CC) 

Get SALT Encoding   

  12  0:10  SCV  
  13  0:22  Supply Depot  
  13  0:29  SCV  
  14  0:41  SCV  
  15  0:49  Supply Depot  
  15  1:09  SCV  
  16  1:16  Command Center  
  16  1:36  SCV  
  17  1:42  Engineering Bay  
  17  1:49  SCV  
  18  2:09  Refinery  
  18  2:11  Refinery  
  18  2:12  SCV  
  19  2:24  SCV  
  20  2:36  SCV  
  21  2:48  SCV  
  22  3:13  Planetary Fortress  
  22  3:18  Barracks  
  22  3:19  Barracks  
  22  3:38  Hi-Sec Auto Tracking  
  21  3:51  SCV  
  22  4:03  SCV  
  23  4:10  Marine  
  23  4:15  SCV  
  25  4:26  Factory  
  25  4:28  SCV, Marine  
  27  4:35  Neosteel Armor, Factory  
  27  4:45  Bunker  
  27  4:46  Marine  
  27  4:51  Marine  
  29  5:00  Barracks  
  29  5:04  Marine, Command Center  
  30  5:09  Marine  
  30  5:12  Factory Tech Lab  
  30  5:22  Marine  
  30  5:27  Marine  
  30  5:28  Hellion  
  34  5:40  Marine  
  35  5:44  Marine  
  35  5:49  Hellion  
  38  5:58  Marine  
  39  6:11  Hellion  
  41  6:16  Marine  
  37  6:34  Marine  
  37  6:48  Siege Tank  
  39  7:27  SCV  
  40  7:32  SCV  
  38  7:40  SCV  
  38  7:42  Siege Tank  
  40  7:52  SCV  
  41  8:04  SCV  
  42  8:06  Hellion  
  39  8:28  Hellion  
  41  8:49  Hellion  
  43  9:25  Orbital Command  
  43  9:35  SCV  
  44  9:47  SCV  
Show
View Real Time Build Order
Export as new Build Order

qqq Protoss - Winner!

Build Orders:  

Get SALT Encoding   

  12  0:03  Probe  
  13  0:16  Pylon  
  13  0:20  Probe  
  14  0:38  Forge  
  14  0:40  Probe  
  15  0:54  Pylon  
  15  1:12  Pylon  
  15  1:17  Photon Cannon  
  15  1:18  Pylon  
  15  1:31  Photon Cannon  
  15  1:50  Pylon  
  15  2:00  Photon Cannon  
  15  2:09  Photon Cannon  
  15  2:35  Gateway  
  14  2:38  Gateway  
  14  2:47  Pylon  
  14  2:52  Photon Cannon  
  14  3:02  Probe  
  15  3:14  Probe  
  16  3:26  Probe  
  17  3:30  Pylon  
  17  3:35  Zealot x2  
  20  3:41  Probe  
  21  4:00  Assimilator  
  21  4:02  Zealot x2  
  25  4:03  Probe  
  26  4:15  Probe  
  27  4:23  Cybernetics Core  
  27  4:27  Probe  
  27  4:29  Zealot x2, Assimilator  
  32  4:56  Zealot  
  30  5:18  Stalker  
  32  5:23  Stalker  
  34  5:28  Nexus  
  34  5:48  Stalker  
  30  6:09  Pylon  
  30  6:10  Photon Cannon  
  30  6:11  Shield Battery  
  30  6:14  Pylon  
  28  6:27  Stalker x2  
  30  6:45  Probe  
  18  6:57  Stalker  
  18  6:58  Probe (Chrono Boost)  
  16  7:09  Probe (Chrono Boost)  
  16  7:14  Probe (Chrono Boost)  
  17  7:24  Probe  
  18  7:36  Probe  
  19  7:48  Probe  
  18  8:00  Probe  
  19  8:12  Probe  
  20  8:23  Zealot  
  20  8:24  Probe  
  25  8:37  Probe  
  26  8:49  Probe  
  27  9:01  Probe  
  27  9:02  Pylon  
  22  9:13  Probe  
  23  9:25  Probe  
  24  9:37  Probe  
  25  9:49  Probe, Assimilator  
  24  9:53  Assimilator  
Tags
 
Add a new tag
Caveats
  • Supply blocks, unpowered buildings, or Contaminate may cause inaccurate times.
  • Supply counts are checked every 10 seconds.